 Dungeon Crawl Stone Soup version 0.30-b1-2-g02819fbbbe (webtiles) character file.

Game seed: 15692806676996133983

34600 MajorAdolf the Basher (level 13, -6/127 HPs)
             Began as a Naga Wanderer on Dec 30, 2023.
             Was an Initiate of Gozag.
             Mangled by a blink frog (13 damage)
             ... on level 5 of the Lair of Beasts.
             The game lasted 00:47:22 (25109 turns).

MajorAdolf the Basher (Naga Wanderer)              Turns: 25109, Time: 00:47:23

Health: -6/127     AC: 33    Str: 18    XL:     13   Next: 78%
Magic:  14/16      EV:  6    Int: 21    God:    Gozag
Gold:   906        SH: 11    Dex: 13    Spells: 5/16 levels left

rFire   . . .        A - +3 flail (protect)
rCold   + . .        b - +0 buckler
rNeg    . . .        Z - +2 leather armour "Zikkak" {Str+4 Int+2}
rPois   +            X - +2 hat
rElec   .            (no cloak)
rCorr   .            Y - +2 pair of gloves {Dex+3}
SInv    +            f - +0 barding {rC+}
Will    +....        u - amulet of reflection
Stlth   +++          i - ring of wizardry
HPRegen 0.41/turn    y - +4 ring of protection
MPRegen 0.15/turn

%: reflection, wizardry (x1)
@: ice-armoured, about to teleport, gold aura, under a protective aura, very
slow
A: AC +4, large, see invisible, deformed body, poison resistance, slowness 2,
spit poison 1, naga tail 2
a: Spit Poison, Renounce Religion, Potion Petition, Call Merchant, Bribe Branch


You were on level 5 of the Lair of Beasts.
You worshipped Gozag.
Gozag was pleased with you.
You visited 3 branches of the dungeon, and saw 17 of its levels.

You collected 3628 gold pieces.
You spent 1217 gold pieces at shops.
You paid 1505 gold pieces to Gozag.

Inventory:

Hand Weapons
 a - a +5 morningstar of holy wrath
 A - a +3 flail of protection (weapon)
 R - a +2 dagger of venom
Missiles
 v - 4 throwing nets
Armour
 b - a +0 buckler (worn)
 f - a +0 barding of cold resistance (worn)
 G - the +2 robe of the New World {rElec rF- Regen+ SInv}
   (You bought it in a shop on level 10 of the Dungeon)

   rF:        It makes you vulnerable to fire.
   rElec:     It insulates you from electricity.
   SInv:      It lets you see invisible.
   Regen:     It increases your rate of health regeneration.
 N - a +2 robe of positive energy
 X - a +2 hat (worn)
 Y - a +2 pair of gloves of dexterity (worn)
 Z - the +2 leather armour "Zikkak" (worn) {Str+4 Int+2}
   (You bought it in a shop on level 5 of the Lair of Beasts)

   Str:       It affects your strength (+4).
   Int:       It affects your intelligence (+2).
Magical Staves
 s - a staff of air
Jewellery
 i - a ring of wizardry (left hand)
 u - an amulet of reflection (around neck)
 y - a +4 ring of protection (right hand)
 M - a ring of wizardry
 S - a ring of ice
 W - an amulet of magic regeneration
Wands
 q - a wand of light (2)
 H - a wand of polymorph (6)
 Q - a wand of paralysis (5)
 U - a wand of flame (9)
Scrolls
 c - 2 scrolls of silence
 e - a scroll of magic mapping {unknown}
 g - 5 scrolls of blinking
 j - 2 scrolls of poison
 p - 2 scrolls of teleportation
 t - 7 scrolls of fear
 w - a scroll of summoning {unknown}
 x - 3 scrolls of torment
 B - a scroll of enchant armour {unknown}
 C - 3 scrolls of fog {unknown}
 F - 4 scrolls of vulnerability {unknown}
 I - 2 scrolls of immolation {unknown}
 J - a scroll of amnesia {unknown}
 T - 8 scrolls of identify
 V - 2 scrolls of enchant weapon
Potions
 d - 5 potions of brilliance
 h - 7 potions of curing
 k - 3 potions of lignification {unknown}
 l - 7 potions of haste
 m - 2 potions of might
 n - 3 potions of flight {unknown}
 o - 2 potions of invisibility {unknown}
 r - 6 potions of ambrosia
 z - 2 potions of degeneration {unknown}
 D - 2 potions of mutation {unknown}
 E - a potion of magic {unknown}
 K - a potion of heal wounds
 L - 2 potions of resistance
 O - 2 potions of attraction
 P - 2 potions of cancellation


   Skills:
 + Level 11.2 Fighting
 + Level 11.6 Maces & Flails
 - Level 8.0 Stealth
 + Level 10.4 Shields
 - Level 2.0 Spellcasting
 - Level 1.0 Fire Magic
 + Level 8.2 Ice Magic
 - Level 1.0 Invocations
 + Level 9.5 Evocations


You had 5 spell levels left.
You knew the following spells:

 Your Spells              Type           Power      Damage    Failure   Level
a - Foxfire               Conj/Fire      16%        2x1d4     7%          1
b - Ozocubu's Armour      Ice            36%        N/A       1%          3
c - Teleport Other        Tloc           2%         N/A       24%         3
d - Passwall              Tmut/Erth      1%         N/A       12%         2
e - Lesser Beckoning      Tloc           4%         N/A       12%         2

Your spell library contained the following spells:

 Spells                   Type           Power      Damage    Failure   Level
 Sandblast                Erth           4%         2d4       9%          1
 Slow                     Hex            8%         N/A       9%          1
 Volatile Blastmotes      Fire/Tloc      8%         2d10      21%         3
 Confusing Touch          Hex            2%         N/A       24%         3
 Dazzling Flash           Conj/Hex       4%         N/A       24%         3
 Gell's Gravitas          Tloc           2%         N/A       24%         3
 Stone Arrow              Conj/Erth      4%         3d7       24%         3
 Vampiric Draining        Necr           2%         2d6       24%         3
 Metabolic Englaciation   Hex/Ice        9%         N/A       38%         5
 Iskenderun's Mystic Bla  Conj/Tloc      2%         2d3       58%         4
 Dispersal                Tloc           1%         N/A       100%        6
 Starburst                Conj/Fire      2%         6d3       100%        6
 Simulacrum               Ice/Necr       Unusable   N/A       N/A         6

Dungeon Overview and Level Annotations

Branches:
Dungeon (11/15)            Temple (1/1) D:4            Lair (5/5) D:8
 Shoals (0/4) Lair:2       Spider (0/4) Lair:3        Slime (0/5) Lair:5
    Orc (0/2) D:9

Altars:
Ashenzari
Cheibriados
Dithmenos
Elyvilon
Fedhas
Gozag
Hepliaklqana
Kikubaaqudgha
Makhleb
Nemelex Xobeh
Okawaru
Qazlal
Ru
Sif Muna
Trog
Uskayaw
Vehumet
Wu Jian
Xom
Yredelemnul
Zin
The Shining One
Jiyva

Shops:
D:9 !   D:10 [   Lair:5 [

Portals:
Trove: D:11 (give +3 shadow dragon scales)

Annotations:
D:2 1 runed translucent door, Crazy Yiuf
Lair:5 1 runed translucent door


Innate Abilities, Weirdness & Mutations

Your serpentine skin is tough. (AC +4)
You have supernaturally acute eyesight. (SInv)
Armour fits poorly on your strangely shaped body.
Your system is resistant to poisons. (rPois)
You cover ground very slowly.
You can spit poison.
You can use your snake-like lower body to constrict enemies.


Message History

Your grab misses the blink frog. The blink frog barely misses you.
You sock the blink frog! Your grab misses the blink frog.
The blink frog is moderately wounded.
The blink frog hits you but does no damage.
You hit the blink frog. You grab the blink frog.
The blink frog is moderately wounded.
You constrict the blink frog.
The polar bear is no longer distracted by gold.
The blink frog struggles to blink free from constriction.
You thump the blink frog!
The blink frog is severely wounded.
You constrict the blink frog.
The blink frog is no longer distracted by gold.
The blink frog hits you but does no damage.
The blink frog struggles to blink free from constriction.
A six-headed hydra comes into view.
The blink frog barely misses you.
The six-headed hydra roars!
You hit the blink frog.
You kill the blink frog!
The blink frog is distracted by your dazzling golden aura.
Unknown command.
As you read the scroll of teleportation, it crumbles to dust.
You feel strangely unstable.
Unknown command.
The blink frog croaks.
You bludgeon the blink frog!!
The blink frog is no longer distracted by gold.
Your grab misses the blink frog.
The blink frog is heavily wounded.
You block the blink frog's attack.
You miss the blink frog. You grab the blink frog.
The blink frog is heavily wounded.
You constrict the blink frog. The blink frog hits you!
* * * LOW HITPOINT WARNING * * *
You barely miss the blink frog.
The blink frog is severely wounded.
You constrict the blink frog. The blink frog hits you!
You die...
Your body crumbles into a pile of gold.

.$....♣♣♣♣♣♣♣....................
.$§.....♣♣.......................
.h§..............................
.................................
..##+##..................<∩......
..#JJ.#.........[...D............
..#...#........).................
..#.>.#...#.#..#Fh##..###........
#.#####....#####@###.#.###.......
##.........# ### ######........
F......h..## ##.......
..........# ##...... ##........#
#P...... #.........# # #.......
#.........## .# #.......
.#.....l...##.#. ##....<.
.F.............. ........


You could see a six-headed hydra, a polar bear and a blink frog.

Vanquished Creatures
  Snorg (Lair:3)
  3 hydras
  3 two-headed ogres
  2 boulder beetles
  A manticore (D:7)
  2 harpies (Lair:2)
  5 elephants
  4 black mambas
  4 cane toads
  Psyche (D:9)
  5 rime drakes
  6 komodo dragons
  2 trolls
  4 polar bears
  A meliai (D:11)
  3 hornets
  4 blink frogs (Lair:5)
  4 dream sheep (Lair:4)
  3 culicivoras
  2 shadows
  6 spriggans (Lair:5)
  5 wyverns
  37 yaks
  A wraith (D:10)
  A steam dragon (Lair:2)
  A basilisk (Lair:4)
  Menkaure (D:6)
  3 acid dragons
  Duvessa (D:5)
  11 water moccasins
  2 orc warriors
  A sky beast (D:7)
  2 boggarts (Lair:5)
  8 black bears
  17 wolves
  2 phantoms
  3 centaurs (D:9)
  Blork the orc (D:5)
  4 kobold brigands
  8 bullfrogs
  6 gnoll sergeants
  2 scorpions
  Dowan (D:5)
  16 wights
  A killer bee (D:9)
  An electric eel (Lair:2)
  A howler monkey (D:6)
  6 orc priests
  4 jellies
  3 gnoll boudas
  5 hounds
  A sleepcap (D:5)
  8 iguanas
  14 orc wizards
  30 gnolls
  3 adders
  2 shadow imps
  An ufetubus (D:7)
  A worm (D:3)
  A dart slug (D:2)
  36 orcs
  3 bats
  15 endoplasms
  A giant cockroach (D:1)
  7 goblins
  12 hobgoblins
  2 jackals (D:5)
  21 kobolds
  3 quokkas
  3 ball pythons
  8 rats
393 creatures vanquished.

Vanquished Creatures (others)
  Nessos (Lair:5)
  A bush (Lair:4)
  308 foxfires
  35 fungi
  71 plants
416 creatures vanquished.

Grand Total: 809 creatures vanquished

Notes
Turn   | Place    | Note
-------+----------+-------------------------------------------
     0 | D:1      | MajorAdolf the Naga Wanderer began the quest for the Orb.
     0 | D:1      | MajorAdolf set off with the following items: a +2 mace, a
                  | +0 buckler, a scroll of silence, a +0 robe; and the
                  | following spell memorised: Foxfire; and the following
                  | spells available to memorise: Volatile Blastmotes.
     0 | D:1      | Reached XP level 1. HP: 18/18 MP: 3/3
    32 | D:1      | Reached skill level 1 in Stealth
   239 | D:1      | Reached XP level 2. HP: 18/25 MP: 5/5
  1083 | D:2      | Reached XP level 3. HP: 31/31 MP: 0/6
  1279 | D:2      | Reached skill level 5 in Stealth
  1424 | D:2      | Found a runed translucent door.
  1425 | D:2      | Noticed Crazy Yiuf
  1568 | D:2      | Reached XP level 4. HP: 37/38 MP: 7/7
  2063 | D:3      | Found a glowing silver altar of Zin.
  3416 | D:4      | Identified a scroll of acquirement
  3417 | D:4      | Acquired a +0 barding of cold resistance
  3438 | D:4      | Found a staircase to the Ecumenical Temple.
  3558 | D:4      | Reached XP level 5. HP: 35/45 MP: 4/8
  4231 | Temple   | Entered the Ecumenical Temple
  4434 | Temple   | Became a worshipper of Gozag Ym Sagoz the Greedy
  4501 | D:4      | Reached XP level 6. HP: 47/53 MP: 9/9
  4577 | D:5      | Entered Level 5 of the Dungeon
  4631 | D:5      | Noticed a black bear
  4649 | D:4      | Killed a black bear
  5165 | D:5      | Reached XP level 7. HP: 62/62 MP: 5/10
  5461 | D:4      | Reached skill level 5 in Maces & Flails
  5722 | D:5      | Noticed Dowan
  5723 | D:5      | Noticed Duvessa
  6076 | D:5      | Killed Duvessa
  6077 | D:5      | Reached XP level 8. HP: 42/73 MP: 11/11
  6361 | D:5      | Killed Dowan
  6449 | D:5      | Noticed Blork the orc
  6464 | D:5      | Killed Blork the orc
  6479 | D:5      | Reached skill level 5 in Fighting
  6583 | D:5      | Found an iron altar of Okawaru.
  6653 | D:5      | Reached skill level 5 in Shields
  7459 | D:6      | Noticed Menkaure
  7465 | D:6      | Killed Menkaure
  7466 | D:6      | Reached skill level 1 in Evocations
  7772 | D:4      | Reached XP level 9. HP: 82/82 MP: 12/12
  8025 | D:6      | Found the +18 Lear's hauberk
  9492 | D:7      | Noticed a manticore
  9509 | D:7      | Killed a manticore
  9774 | D:7      | Noticed a troll
  9785 | D:7      | Killed a troll
  9786 | D:7      | Reached XP level 10. HP: 50/94 MP: 13/13
  9974 | D:7      | Found a broken altar of Ashenzari.
 10187 | D:7      | Learned a level 3 spell: Ozocubu's Armour
 10187 | D:7      | Acquired a +5 morningstar of holy wrath
 10821 | D:8      | Learned a level 3 spell: Teleport Other
 10838 | D:8      | Found a blossoming altar of Fedhas.
 10950 | D:8      | Learned a level 2 spell: Passwall
 10976 | D:8      | Found a staircase to the Lair.
 11003 | D:8      | Reached skill level 1 in Ice Magic
 11122 | D:8      | Noticed a two-headed ogre
 11139 | D:8      | Killed a two-headed ogre
 11140 | D:8      | Reached skill level 5 in Evocations
 11392 | D:8      | Learned a level 2 spell: Lesser Beckoning
 12243 | D:9      | Noticed Psyche
 12255 | D:9      | Killed Psyche
 12256 | D:9      | Reached XP level 11. HP: 103/103 MP: 14/14
 12592 | D:9      | Noticed a two-headed ogre
 12729 | D:9      | Killed a two-headed ogre
 12964 | D:9      | Found Esidew's Distillery.
 12972 | D:9      | Bought a potion of heal wounds for 60 gold pieces
 12972 | D:9      | Bought a potion of curing for 36 gold pieces
 12972 | D:9      | Bought a potion of ambrosia for 96 gold pieces
 12972 | D:9      | Bought a potion of brilliance for 48 gold pieces
 12972 | D:9      | Bought a potion of attraction for 36 gold pieces
 12972 | D:9      | Bought a potion of cancellation for 96 gold pieces
 13207 | D:9      | Found a staircase to the Orcish Mines.
 13348 | D:9      | Paralysed by a hornet for 1 turns
 13527 | D:9      | Noticed a boulder beetle
 14091 | D:9      | Killed a boulder beetle
 14469 | D:10     | Entered Level 10 of the Dungeon
 14472 | D:10     | Bought a ripped robe for 153 gold pieces
 14472 | D:10     | Identified the +2 robe of the New World {rElec rF- Regen+
                  | SInv} (You bought it in a shop on level 10 of the Dungeon)
 14472 | D:10     | Bought a transparent scale mail for 243 gold pieces
 14472 | D:10     | Identified the +6 scale mail of the Saviour {-Tele Drain
                  | Will+++ Int+3} (You bought it in a shop on level 10 of the
                  | Dungeon)
 14522 | D:10     | Found a shimmering altar of Xom.
 15548 | D:11     | Found a portal to a secret trove of treasure.
 15676 | D:11     | Noticed a two-headed ogre
 15691 | D:11     | Killed a two-headed ogre
 15840 | D:11     | Noticed a green ugly thing
 16206 | Lair:1   | Entered Level 1 of the Lair of Beasts
 16216 | Lair:1   | Reached skill level 5 in Ice Magic
 17280 | Lair:1   | Found a bloodstained altar of Trog.
 17300 | Lair:1   | Reached XP level 12. HP: 105/114 MP: 11/15
 17779 | Lair:1   | Noticed a boulder beetle
 17807 | Lair:1   | Killed a boulder beetle
 18241 | Lair:2   | Reached skill level 10 in Maces & Flails
 18259 | Lair:2   | Noticed a four-headed hydra
 18279 | Lair:2   | Killed a four-headed hydra
 18416 | Lair:2   | Found a shimmering altar of Xom.
 19394 | Lair:2   | Found a staircase to the Shoals.
 19976 | Lair:3   | Reached skill level 10 in Fighting
 20048 | Lair:3   | Noticed Snorg
 20075 | Lair:3   | HP: 5/116 [Snorg (18)]
 20077 | Lair:3   | Killed Snorg
 20578 | Lair:3   | HP: 3/116 [elephant (9)]
 21207 | Lair:3   | Gained mutation: You can use your snake-like lower body to
                  | constrict enemies. [Naga growth]
 21207 | Lair:3   | Reached XP level 13. HP: 79/124 MP: 13/16
 21441 | Lair:3   | Found a hole to the Spider Nest.
 22951 | Lair:5   | Entered Level 5 of the Lair of Beasts
 23265 | Lair:4   | Reached skill level 10 in Shields
 23613 | Lair:5   | Bought a pair of glowing gloves for 232 gold pieces
 23613 | Lair:5   | Bought a distressingly furry leather armour for 217 gold
                  | pieces
 23613 | Lair:5   | Identified the +2 leather armour "Zikkak" {Str+4 Int+2}
                  | (You bought it in a shop on level 5 of the Lair of Beasts)
 23861 | Lair:5   | Found a runed translucent door.
 23863 | Lair:5   | Found a viscous altar of Jiyva.
 23864 | Lair:5   | Noticed an acid blob
 23865 | Lair:5   | Found a staircase to the Slime Pits.
 24685 | Lair:5   | Noticed Nessos
 24713 | Lair:5   | Killed Nessos
 25108 | Lair:5   | HP: 6/127 [blink frog (11)]
 25109 | Lair:5   | Mangled by a blink frog

Illustrated notes

Levels and vault maps discovered:
D:1:      onia_arrival_handbag, layout_loops_ring
D:2:      layout_loops_ring, minmay_pentomino_s4, uniq_crazy_yiuf_cottage
D:3:      layout_rooms, mainiacjoe_overflow_chevrons
D:4:      minmay_opposing_rooms, layout_loops_ring, temple_pool_b
D:5:      layout_cave_pools, mainiacjoe_overflow_paths, serial_gnoll_camp,
          gnoll_camp_mini_house, gnoll_camp_mini_sergeant,
          gnoll_camp_huts_basic, gnoll_camp_mini_hut, uniq_blork_the_orc,
          uniq_duvessa
D:6:      layout_cave_pools, grunt_ministairs_10, uniq_menkaure
D:7:      layout_basic, ashenzari_altar_1
D:8:      layout_basic, fedhas_ov_isle_minmay, due_lair_maze_entry_diamond
D:9:      minmay_four_partial_circles, layout_stronghold, orc_0_dummy,
          serial_shops, nicolae_shop_trees, uniq_psyche
D:10:     layout_grid_maze, mainiacjoe_overflow_concentric_impassable,
          chequers_serial_rivers_room_b
D:11:     layout_loops_ring, nicolae_trove_entry_crossroad, bloody_makhleb
Temple:   bh_familiar_temple
Lair:1:   layout_layer_cave, basic_altar
Lair:2:   layout_regular_city, nicolae_shoals_entry_roost, basic_altar,
          nicolae_quartered_pool_little
Lair:3:   layout_cellular_growth, hellmonk_spider_entry_life_and_decay,
          minmay_holes, lemuel_fruit_tree, uniq_snorg
Lair:4:   layout_roguey, lemuel_fruit_fields
Lair:5:   minmay_lair_end_enchanted_forest, layout_big_grid, slime_entry_2,
          dreamdust_gnoll_shepherd, serial_bayou_shore_a, uniq_nessos

Skill      XL: |  1  2  3  4  5  6  7  8  9 10 11 12 13 |
---------------+----------------------------------------+-----
Stealth        | 2 4 5 8 |  8.0
Shields        | 2 3 4 5 6 7 8 9 10 | 10.4
Fighting       | 2 3 4 5 7 8 9 10 11 | 11.2
Maces & Flails | 4 5 6 7 8 9 10 11 | 11.6
Evocations     | 1 3 5 7 8 9 |  9.5
Ice Magic      | 3 5 7 8 |  8.2
Spellcasting   | |  2.0
Fire Magic     | |  1.0
Invocations    | |  1.0

Action                     |  1- 3 |  4- 6 |  7- 9 | 10-12 | 13-15 || total
---------------------------+-------+-------+-------+-------+-------++-------
  Melee: Mace              |    30 |    71 |    35 |       |       ||   136
         Flail             |       |       |   411 |   931 |   361 ||  1703
         Morningstar       |       |       |       |    83 |       ||    83
         Short sword       |       |       |       |     2 |       ||     2
         Dagger            |       |       |       |     5 |       ||     5
         Constrict         |       |       |       |       |    69 ||    69
   Cast: Foxfire           |    39 |   116 |    20 |       |       ||   175
         Ozocubu's Armour  |       |       |       |    54 |    16 ||    70
         Lesser Beckoning  |       |       |       |    14 |     1 ||    15
 Invoke: Call Merchant     |       |       |       |     1 |     1 ||     2
Ability: Spit Poison       |    10 |    12 |    15 |    17 |     3 ||    57
  Evoke: Wand              |       |       |       |     5 |     3 ||     8
    Use: Scroll            |       |     8 |     3 |     5 |     5 ||    21
         Potion            |       |       |       |     7 |     2 ||     9
   Stab: Sleeping          |     3 |       |     2 |     6 |       ||    11
         Distracted        |       |       |     1 |     1 |     2 ||     4
 Armour: Robe              |    19 |    26 |    51 |   553 |   104 ||   753
         Leather armour    |       |       |   200 |   125 |   190 ||   515
  Dodge: Dodged            |    14 |    25 |   117 |   287 |    95 ||   538
  Block: Buckler           |     3 |    36 |   241 |   690 |   243 ||  1213
         Reflection        |       |       |     9 |     6 |     7 ||    22
